Cogmind - Beta 16 @@@ ROGUE MODE // 2025.11.09 @ 19:22:44 Player: FrigidRock Result: Destroyed by G-47 Trooper with Particle Gun Performance ------------- Evolutions (0) 0 Regions Visited (1) 200 Robots Destroyed (3) 15 Value Destroyed (30) 30 Prototype IDs (0) 0 Alien Tech Used (0) 0 Bonus (0) 0 TOTAL SCORE: 245 Bonus ------- None Cogmind --------- Core Integrity 0/250 Matter 283/300 Energy 99/100 System Corruption 0% Temperature Cool (27) Movement Core (50) Location -10/Materials Parts ------- > --- POWER (1) -------- (None) > --- PROPULSION (2) --- (None) > --- UTILITY (2) ------ (None) > --- WEAPON (2) ------- (None) > --- INVENTORY (5) ---- Light Ion Engine Small Storage Unit Medium Storage Unit Large Storage Unit Peak State ------------ > --- POWER ------------ Ion Engine > --- PROPULSION ------- Aluminum Leg Aluminum Leg > --- UTILITY ---------- Small Storage Unit > --- WEAPON ----------- Medium Laser Small Laser > --- INVENTORY -------- (None) [Rating: 6] Favorites ----------- Power Ion Engine Engine Ion Engine Propulsion Aluminum Leg Leg Aluminum Leg Utility Small Storage Unit Storage Small Storage Unit Weapon Small Laser Energy Gun Small Laser Build | -11 -10 ------- Run | Yrd Mat Slots Evolved . | . . Power . | . . Propulsion . | . . Utility . | . . Weapon . | . . Parts Attached 6 | 6 . Power 1 | 1 . Engine 1 | 1 . Core . | . . Reactor . | . . Propulsion 2 | 2 . Treads . | . . Leg 2 | 2 . Wheel . | . . Hover . | . . Flight . | . . Utility 1 | 1 . Device . | . . Storage 1 | 1 . Processor . | . . Hackware . | . . Protection . | . . Artifact . | . . Weapon 2 | 2 . Energy Gun 2 | 2 . Energy Cannon . | . . Ballistic Gun . | . . Ballistic Cannon . | . . Launcher . | . . Special Weapon . | . . Impact Weapon . | . . Slashing Weapon . | . . Piercing Weapon . | . . Special Melee Weapon . | . . Unidentified Prototypes . | . . Parts Lost 1 | . 1 Power . | . . Propulsion . | . . Utility . | . . Weapon 1 | . 1 Highest Loss Streak 1 | . 1 To Critical Strikes . | . . Average Backups 1 | . 1 Power . | . 1 Propulsion . | . . Utility . | . . Weapon . | . . Tool/Special . | . . Unused Backups 4 | . 4 Power 1 | . 1 Propulsion . | . . Utility 3 | . 3 Weapon . | . . Tool/Special . | . . Average Slot Usage (%) 45 | . 45 Engine 7 | . 7 Leg 15 | . 15 Storage 7 | . 7 Energy Gun 15 | . 15 Peak Build Rating 6 | 6 6 Average Rating 3 | 4 3 On Entrance 3 | . 6 Avg Prop Armor Cover (%) . | . . Naked Turns 57 | . 57 Heaviest Build 13 | 13 13 Greatest Support 20 | 20 20 Greatest Overweight (x) . | . . Average Overweight (x) . | . . Largest Inventory Capacity 8 | 8 8 Average Capacity 6 | 7 6 Most Carried 4 | 1 4 Average Carried 1 | . 1 Final Capacity 8 | 8 5 Final Carried 4 | 1 4 Class Distribution -------------------- 100% | Mutant Dominant Class ---------------- Mutant | -10/Materials Resources | -11 -10 ----------- Run | Yrd Mat Matter Collected 218 | 185 33 Remotely . | . . Salvage Created 51 | . 51 Parts 7 | . 7 Haulers Intercepted . | . . Recyclers Shooed . | . . Parts Field Recycled . | . . Retrieved Matter . | . . Parts Self-Destructed . | . . Prevented . | . . Parts Restored . | . . Kills | -11 -10 ------- Run | Yrd Mat Combat Hostiles Destroyed 3 | . 3 Melee 1 | . 1 Guns 2 | . 2 Classes Destroyed 1 | . 1 Swarmer 3 | . 3 Best Kill Streak 2 | . 2 Combat Bots Only 2 | . 2 Max Kills in Single Turn 1 | . 1 Gunslinging . | . . Exploded . | . . Melee 1 | . 1 Uniques/NPCs Destroyed . | . . Combat | -11 -10 -------- Run | Yrd Mat Hostile Shots Fired 58 | . 58 Missed 18 | . 18 Hits 40 | . 40 Projectile 40 | . 40 Critical Strikes 2 | . 2 Damage Taken 410 | . 410 Core 252 | . 252 Absorbed by Shields . | . . Core Remaining (%) 100 | 100 . Volleys Fired 4 | . 4 Largest 2 | . 2 Hottest 90 | . 90 Shots Fired 8 | . 8 Gun 8 | . 8 Cannon . | . . Launcher . | . . Special . | . . Kinetic . | . . Thermal 8 | . 8 Explosive . | . . Electromagnetic . | . . Robot Hit Streak 1 | . 1 Robot Miss Streak 2 | . 2 Penetration Max . | . . Secondary Targets 1 | . 1 Max Gunslinging Chain 1 | . 1 Shots Hit Robots 4 | . 4 Core Hits 5 | . 5 Critical Kills . | . . Critical Parts Destroyed . | . . Critical Strikes . | . . Melee Attacks . | . . Impact . | . . Slashing . | . . Piercing . | . . Sneak Attacks . | . . Combat Hostiles . | . . Follow-up Attacks . | . . Damage Inflicted 63 | . 63 Guns 48 | . 48 Cannons . | . . Explosions . | . . Melee . | . . Ramming 15 | . 15 Kinetic . | . . Thermal 48 | . 48 Explosive . | . . Electromagnetic . | . . Impact . | . . Slashing . | . . Piercing . | . . Highest Corruption . | . . Average Corruption . | . . Corruption Purged . | . . Corruption Blocked . | . . Overload Shots . | . . Overflow Damage . | . . Projectiles . | . . Explosions . | . . Melee . | . . Knockbacks . | . . Impact . | . . Kinetic . | . . Secondary . | . . Self-Inflicted Damage 6 | . 6 Shots . | . . Rammed 7 | . 7 Targets Rammed 7 | . 7 Kicked . | . . Crushed . | . . Highest Temperature 153 | . 153 Average Temperature 81 | . 81 Received Heat Transfer 138 | . 138 Siege Activations . | . . Martial Activations . | . . Shielding Activations . | . . Robots Disrupted . | . . Combat Hostiles . | . . Robots Corrupted . | . . Combat Hostiles . | . . Parts Fried . | . . Impact Corruptions . | . . Robots Melted . | . . Combat Hostiles . | . . Parts Melted . | . . Heat Transferred 124 | . 124 Parts Sabotaged . | . . Parts Stolen . | . . Parts Stripped . | . . Power Chain Reactions . | . . Alert | -11 -10 ------- Run | Yrd Mat Maximum Alert Level . | . . Low Security (%) 100 | 100 100 Level 1 . | . . Level 2 . | . . Level 3 . | . . Level 4 . | . . Level 5 . | . . High Security . | . . Max Security . | . . Peak Influence 120 | . 120 Initial . | . . Average 22 | . 33 Influence Increases 160 | . 160 Destroy 0b10 Robot/C 60 | . 60 Destroy Leader 10 | . 10 Select Force Hacks 30 | . 30 Lose Combat Pursuer 60 | . 60 Influence Decreases 50 | . 50 Time Decay 40 | . 40 Lost Part 10 | . 10 Squads Dispatched 6 | . 6 Investigation 4 | . 4 Extermination . | . . Reinforcement 2 | . 2 Assault . | . . Garrison . | . . Intercept . | . . Searches Triggered . | . . Construction Impeded . | . . Haulers Reinforced . | . . Active Scanning Responses . | . . Cargo Convoy Interrupts . | . . Stealth | -11 -10 --------- Run | Yrd Mat Distress Signals . | . . Communications Jammed . | . . Distress Signals . | . . Times Spotted 15 | . 15 Peak Tracking Total 8 | . 8 Tactical Retreats 1 | . 1 Traps | -11 -10 ------- Run | Yrd Mat Traps Triggered 1 | . 1 Indirectly . | . . Trap Hack Attempts . | . . Triggered . | . . Disarmed . | . . Reprogrammed . | . . Reused . | . . Traps Extracted . | . . Installed . | . . Triggered . | . . Machines | -11 -10 ---------- Run | Yrd Mat Machines Disabled . | . . Max in Single Turn . | . . Machines Repaired . | . . Machines Dismantled . | . . Machines Sabotaged . | . . Overloaded Fab Kills . | . . Hacking | -11 -10 --------- Run | Yrd Mat Machines Accessed 5 | . 5 Terminals 4 | . 4 Fabricators . | . . Repair Stations . | . . Recycling Units 1 | . 1 Scanalyzers . | . . Garrison Access . | . . Total Hacks 16 | . 16 Successful 3 | . 3 Failed 13 | . 13 Catastrophic 2 | . 2 Database Lockouts . | . . Manual 14 | . 14 Terminals 12 | . 12 Fabricators . | . . Repair Stations . | . . Recycling Units 4 | . 4 Scanalyzers . | . . Garrison Access . | . . Terminal Hacks . | . . Fabricator Hacks . | . . Repair Station Hacks . | . . Recycling Unit Hacks 1 | . 1 Retrieve Components 1 | . 1 Scanalyzer . | . . Garrison Access Hacks . | . . Unauthorized Hacks 2 | . 2 Terminals 1 | . 1 Botnet 1 | . 1 Fabricators . | . . Repair Stations . | . . Recycling Units 1 | . 1 Tunnel 1 | . 1 Scanalyzers . | . . Garrison Access . | . . Data Cores Recovered . | . . Used . | . . Hacking Detections 5 | . 5 Full Trace Events 2 | . 2 Feedback Events . | . . Feedback Blocked . | . . Robot Schematics Acquired . | . . Robots Built . | . . Authchips . | . . Time . | . . Total Robot Build Rating . | . . Part Schematics Acquired . | . . Parts Built . | . . Authchips . | . . Time . | . . Total Part Build Rating . | . . Part Studies Acquired . | . . Parts Repaired . | . . Time . | . . Parts Recycled . | . . Recycled Matter . | . . Retrieved Matter . | . . Retrieved Components . | . . Parts Scanalyzed . | . . Part Schematics Acquired . | . . Parts Damaged . | . . Bothacking | -11 -10 ------------ Run | Yrd Mat Used RIF Installer . | . . Robots Hacked . | . . Non-combat . | . . Combat . | . . Robot Hacks Applied . | . . Relay Couplers Released . | . . Fabnet Peak Effective % . | . . Robots Rewired . | . . Allies Hacked . | . . Hacks Repelled . | . . Allies | -11 -10 -------- Run | Yrd Mat Total Allies . | . . Largest Group . | . . Highest-Rated Group . | . . Highest-Rated Ally . | . . Total Orders . | . . Ally Attacks . | . . Total Damage . | . . Kills . | . . Allies Corrupted . | . . Allies Melted . | . . Intel | -11 -10 ------- Run | Yrd Mat Active Infowar (turns) . | . . Robot Analysis Total . | . . Derelict Logs Recovered . | . . Drone Launches . | . . Drone Recoveries . | . . Exploration | -11 -10 ------------- Run | Yrd Mat Turns Passed 183 | 58 125 Spaces Moved 183 | 42 141 Core 98 | 3 95 Treads . | . . Legs 85 | 39 46 Wheels . | . . Hover . | . . Flight . | . . Fastest Speed 50 | 50 50 Average Speed 82 | 115 72 Slowest Speed 120 | 120 120 Overloaded Moves . | . . Propulsion Burnouts . | . . Robots Hopped . | . . Potential Cave-ins . | . . Cave-ins Triggered . | . . Exploration Rate (%) 24 | 3 45 Regions Visited 1 Branch Regions . Pre-discovered Areas 1 | . 1 Known Exits Taken . | . . Unknown Exits Taken 1 | 1 . Scrap Searched . | . . Spaces Dug . | . . Terrain Destroyed . | . . Melee . | . . Projectile . | . . AOE . | . . Terrain Rammed . | . . Walls Destroyed . | . . Machines Disabled . | . . Actions | -11 -10 --------- Run | Yrd Mat Total 203 | 48 155 Wait . | . . Move 182 | 41 141 Hop . | . . Pick Up 4 | 1 3 Fast Attach 6 | 6 . Attach . | . . Detach . | . . Swap . | . . Drop . | . . Fire 4 | . 4 Melee . | . . Ram 7 | . 7 Kick . | . . Crush . | . . Escape Stasis . | . . Rewire . | . . Trap . | . . Miscellaneous . | . . Route ------- -11/Scrapyard -10/Materials History --------- Turn | Location | Event 4 | -11/Scrapyard | Discovered new exit (range 15) 59 | -11/Scrapyard | Entered Materials 127 | -10/Materials | Released all parts (5) 154 | -10/Materials | Core integrity fell below 50% 178 | -10/Materials | Core integrity fell below 20% 184 | -10/Materials | Destroyed by G-47 Trooper with Particle Gun Last Messages --------------- 00138_ K-01 Serf collects debris. 00141_ O-16 Technician: "IFF HANDSHAKE FAILED. SECURING TERMINAL." 00144_ ALERT: Hostiles spotted, dispatching reinforcements to Terminal M003. 00144_ Acquired Lrg. Storage Unit. 00146_ Acquired Med. Storage Unit. 00147_ Acquired Sml. Storage Unit. 00170_ Connecting with Recycling Unit... >>Force(Tunnel) DISCOVERED[-9/Mines] 00170_ ALERT: Suspicious activity at Recycling Unit M002. Dispatching Investigation squad. 00171_ Slammed into S-10 Pest. 00177_ S-10 Pest destroyed. 00177_ Destabilizing: Core damaged (-10). 00178_ Acquired 20 matter. 00180_ Triggered Alarm Trap. 00180_ An alarm sounds. 00180_ ALERT: Alarm triggered, dispatching investigation squad. 00184_ Critical hit (Burn: +37). Map ----- +----------------------------------------------------+ | ????????????????###########?????????? | | ??####??????????# #?????????? | | ?? ??????????# #?????????? | | ? """ ?????????# #?????????? | | ? """ #????????# #?????????? | | """ #????????# ! #??######?? | | * #????????# #??# # | | """ ?????????# #??#= """ # | | """ #????????# #??# """ # | | """ #??###########+######## """ # | | #??# # # # | | ########??#""" # # """ # | | ??????????#""" + !!! + """ # | | ??????????#""" # !!! # """ # | | ??????????# # !! o= *# # | | ??????????#""" ?# ## """ # | | ??????????#""" !?# ## Y" # | | ???????????""" ??# ## """ # | | ??????????? ??# ## # | | ??????????######???# "T" ######### | | ######?????????????# """ #???????? | | % #?????????????# #???????? | | #?????????????# #??####?? | | """#?????????????######g #? #? | | """#?????????????###??# #?""" #? | | """###########???? ?#@ # """ #? | | # #?????" # # """ #? | | ###### #??????? + + #? | | ?????# #????????# # #? | | ?????# #????????# #######?? | | ?????# #????????# ##???? | | ?????# #????????# g #???? | | #####?? #????????# g #???? | | # #???? ??????????# g !#???? | | ## ########+############# !#???? | | !##???? | | ####????? | | #???????? | | #########+############### #???????? | | ????????????????????????# #???????? | | ????????????????????????# #???????? | | ????????????????????????# #???????? | | ????????????????????????# +???????? | | ????????????????????????# #???????? | | ????????????????????????# #???????? | | ????????????????????????# #???????? | | ????????????????????????# +???????? | | ????????????????????????# #???????? | | ????????????????????????# #???????? | | ????????????????????????? #???????? | +----------------------------------------------------+ Best States ------------- Heat Dissipation 25 Energy Generation 10 Energy Capacity 250 Matter Stores 283 Matter Capacity 300 Sight Range 16 Terrain Scan Density 10 Evasion (%) 55 Item Schematics ----------------- None Robot Schematics ------------------ None Fabricated ------------ Nothing Repaired ---------- Nothing Studied --------- None Alien Tech Used ----------------- None Achievements -------------- None Challenges ------------ None Game ------ Seed GrapheneTeleporterSuit Manual? 0 Play Time 00:04:20 Cumulative 394.5 hours Start 2025.11.09 @ 19:16:35 End 2025.11.09 @ 19:22:44 Sessions 1 Manual Loads 0 Difficulty Rogue Special Mode None Game No. 172 Rogue 101 Adventurer 68 Explorer 3 Win Type - Total 33 Types 19/2/3/4/3/0/0/0/0/2 Lore% 78 Gallery% 76 Achievement% 54 Wizard Run 0 Options --------- Layout 0 ASCII 0 Keyboard 0 Movement Numpad Keybinds 0 Fullscreen 1 Font 24/Smallcaps Map View 76x50 Zoom Use 0% Tactical HUD 1 Map Filters NONE Filters NONE Steam 1 RUN: 0d54ed75-fe7f-4734-b1f9-10c420f3e823